 BcadrenCrawl: Boulder Brew version 0.04.2-15-ge27eb88979 (webtiles) character file.

Game seed: 17459641005317278304, levelgen mode: deterministic

466 diana the Slinger (level 7, 0/40 HPs) Kobold Hunter. Began on May 9, 2021. Slain by a sewer rat (1 damage) ... on level 2 of the Dungeon. The game lasted 00:02:58 (920 turns).

diana the Slinger (Kobold Hunter)                    Turns: 920, Time: 00:02:59

Health: 0/40       AC:  3    Str: 14    XL:     7 ^: 343
Magic:  7/7        EV: 15    Int: 13    God:
Gold:   70         SH:  0    Dex: 17    Spells: 6/6 levels left

rFire    . . .     Vision   .   a - +1 hunting sling
rCold    . . .     Gourm    .   b - +0 short sword
rNeg     . . .     Faith    .   c - +0 leather armour
rPois    .         Spirit   .   (no helmet)
rElec    .         Reflect  .   (no cloak)
rCorr    .         Harm     .   (no gloves)
MR       .....                  (no boots)
Stlth    ++........             (no amulet)
HPRegen  0.23/turn              g - ring of strength
MPRegen  0.17/turn              (no ring)

@: no status effects
A: small, carnivore
a: no special abilities


You were on level 2 of the Dungeon.
You were not hungry.

You visited 1 branch of the dungeon, and saw 2 of its levels.

You collected 70 gold pieces.

Inventory:

Weapons
 a - a +1 hunting sling (weapon)
 b - a +0 short sword (weapon)
Armour
 c - a +0 leather armour (worn)
Jewellery
 g - a ring of strength (left hand)
 h - a cursed ring of protection {(Curse: rF-)}
Scrolls
 e - a scroll of blinking
Potions
 f - 3 potions of haste
Comestibles
 d - a ration


   Skills:
 - Level 2.1 Fighting
 + Level 4.7 Short Blades
 * Level 10.1 Slings
 - Level 2.4 Dodging
 - Level 1.3 Stealth


You had 6 spell levels left.
You didn't know any spells.
Your spell library was empty.

Dungeon Overview and Level Annotations

Branches:
Dungeon (2/8)

Altars:


Innate Abilities, Weirdness & Mutations

You are small and have problems with some larger weapons.
You are carnivorous and can eat meat at any time.


Message History

The sewer rat barely misses you (0). The sewer rat misses you (0).
You hit the sewer rat but do no damage.
The sewer rat is lightly wounded. (10/11) HP A sewer rat comes into view.
The sewer rat barely misses you (0). The sewer rat closely misses you (0).
A jelly comes into view.
The jelly quivers.
You hit the sewer rat but do no damage.
The sewer rat is lightly wounded. (10/11) HP A sewer rat comes into view.
The sewer rat misses you (0).
You closely miss the sewer rat.
You are no longer corroded.
The sewer rat misses you (0).
The sewer rat bites you but does no damage.
An ooze comes into view.
You barely miss the sewer rat. The sewer rat bites you (6).
* * * LOW HITPOINT WARNING * * *
The sewer rat barely misses you (0). x2; The sewer rat bites you (1).
You die...

#### #.≈≈###
#.≈r@r#
##.rrrr.≈J≈≈P
#......≈≈≈PP
#≈....b≈≈≈P.
#......≈≈PP.
J.....P.PP..
.....b#≈P≈≈≈.
.......≈PP≈≈≈.


You could see a jelly, a submerged ooze and 6 sewer rats.

Vanquished Creatures
  2 bullfrogs (D:2)
  6 jellies (D:2)
  A giant cockroach (D:1)
  14 sewer rats (D:2)
  2 cinder newts (D:1)
  A leopard gecko (D:2)
  4 bats (D:1)
  2 hobgoblins (D:1)
  A kobold (D:1)
  A bat skeleton (D:2)
  5 rats (D:1)
  3 withered plants (D:2)
42 creatures vanquished.

Vanquished Creatures (others)
  34 withered plants (D:2)
34 creatures vanquished.

Grand Total: 76 creatures vanquished

Notes
Turn   | Place    | Note
-------+----------+-------------------------------------------
     0 | D:1      | diana the Kobold Hunter began the quest for the Orb.
     0 | D:1      | Reached XP level 1. HP: 12/12 MP: 1/1
    65 | D:1      | Reached skill level 6 in Slings
   149 | D:1      | Reached XP level 2. HP: 16/17 MP: 2/2
   155 | D:1      | Reached skill level 1 in Short Blades
   442 | D:1      | Reached XP level 3. HP: 21/21 MP: 3/3
   509 | D:1      | Reached skill level 7 in Slings
   688 | D:2      | Noticed a bullfrog
   693 | D:2      | Killed a bullfrog
   693 | D:2      | Reached XP level 4. HP: 14/26 MP: 4/4
   693 | D:2      | Reached XP level 5. HP: 16/30 MP: 5/5
   753 | D:2      | Reached skill level 8 in Slings
   790 | D:2      | Reached XP level 6. HP: 27/35 MP: 6/6
   815 | D:2      | Reached skill level 9 in Slings
   889 | D:2      | Reached XP level 7. HP: 40/40 MP: 7/7
   901 | D:2      | Reached skill level 10 in Slings
   920 | D:2      | HP: 1/40 [sewer rat (6)]
   920 | D:2      | Slain by a sewer rat

Levels and vault maps discovered:
D:1:      minmay_arrival_loop, layout_basic
D:2:      layout_sewer, bcadren_lemuel_inverted_doored_altar, serial_shops,
          kennysheep_mini, first_ration

Skill      XL: |  1  2  3  4  5  6  7 |
---------------+----------------------+-----
Slings         | 6 7 8 9 10 | 10.1
Short Blades   | 1 2 3 4 |  4.7
Fighting       | |  2.1
Dodging        | |  2.4
Stealth        | |  1.3

Action                   |  1- 3 |  4- 6 |  7- 9 || total
-------------------------+-------+-------+-------++-------
Melee: Unarmed           |    13 |       |       ||    13
       Short sword       |    17 |    21 |    23 ||    61
 Fire: Hunting sling     |    20 |    40 |     4 ||    64
  Use: Scroll            |       |       |     1 ||     1
Armor: Leather armour    |     4 |     3 |     4 ||    11
Dodge: Dodged            |    19 |    21 |    32 ||    72
